 Dungeon Crawl Stone Soup version 0.31-a0-1511-g961fd35ebc (webtiles) character file.

Game seed: 5996251328215191656

30 Bnni the Apothecary (level 3, -4/26 HPs)
             Began as a Formicid Alchemist on Dec 30, 2023.
             Slain by a ribbon worm (6 damage)
             ... on level 2 of the Dungeon.
             The game lasted 00:01:52 (1171 turns).

Bnni the Apothecary (Formicid Alchemist)            Turns: 1171, Time: 00:01:52

Health: -4/26      AC:  2    Str: 12    XL:     3   Next: 35%
Magic:  4/6        EV:  6    Int: 16    God:
Gold:   50         SH:  0    Dex: 14    Spells: 4/7 levels left

rFire   . . .        f - +0 dagger
rCold   . . .        (no shield)
rNeg    . . .        a - +0 robe
rPois   .            (helmet unavailable)
rElec   .            (no cloak)
rCorr   .            (no gloves)
SInv    +            (no boots)
Will    .....        (no amulet)
Stlth   ++           (no ring)
HPRegen 0.24/turn    (no ring)
MPRegen 0.10/turn

%: no passive effects
@: held
A: permanent stasis, dig shafts and tunnels, antennae 3, four strong arms
a: Dig, Shaft Self


You were on level 2 of the Dungeon.
You visited 1 branch of the dungeon, and saw 2 of its levels.

You collected 50 gold pieces.

Inventory:

Hand Weapons
 f - a +0 dagger (weapon)
Armour
 a - a +0 robe (worn)
 h - a +0 ring mail
Scrolls
 e - a scroll of identify {unknown}
 g - a scroll of vulnerability {unknown}
Potions
 b - a potion of magic
 c - a potion of curing {unknown}
 d - a potion of resistance {unknown}
 i - a potion of ambrosia {unknown}
 j - a potion of cancellation {unknown}


   Skills:
 + Level 1.2 Fighting
 - Level 1.7 Dodging
 - Level 2.4 Stealth
 + Level 2.6 Spellcasting
 - Level 0.8 Conjurations
 * Level 4.9 Alchemy


You had 4 spell levels left.
You knew the following spells:

 Your Spells              Type           Power      Damage    Failure   Level
a - Sting                 Conj/Alch      44%        1d5       6%          1
b - Mercury Vapours       Alch/Air       20%        N/A       11%         2

Your spell library contained the following spells:

 Spells                   Type           Power      Damage    Failure   Level
 Mephitic Cloud           Conj/Alch/Air  8%         N/A       26%         3
 Olgreb's Toxic Radiance  Alch           17%        N/A       26%         4
 Sticky Flame             Fire/Alch      10%        2d5       56%         4


Dungeon Overview and Level Annotations

Branches:
Dungeon (2/15)

Altars:


Innate Abilities, Weirdness & Mutations

You cannot be hasted, slowed, berserked, paralysed or teleported.
You can dig through walls and to a lower floor.
You have a pair of large antennae on your head. (SInv)
Your four strong arms can wield two-handed weapons with a shield.


Message History

You struggle to detach yourself from the web.
The dart slug falls through a shaft!
The shaft crumbles and collapses.
Aiming: Sting (safe; 6% risk of failure)
Press: ? - help, Q - select action, (/) - cycle Shift-Dir - straight line, f/p - ribbon worm
Aim: a ribbon worm (moderately wounded, poisoned, 90% to hit)
You miscast Sting.
You are very lightly contaminated with residual magic.
Nothing appears to happen.
Unknown command.
You struggle to detach yourself from the web.
The ribbon worm barely misses you.
You struggle to detach yourself from the web.
The ribbon worm bites you. x2
The web tears apart.
The ribbon worm expels a string of sticky webbing.
The stream of webbing hits you but does no damage.
You are caught in a web!
The ribbon worm bites you.
You struggle to detach yourself from the web.
The ribbon worm looks more healthy.
The ribbon worm bites you!
* * * LOW HITPOINT WARNING * * *
The ribbon worm expels a string of sticky webbing.
The stream of webbing misses you.
Aiming: Sting (safe; 6% risk of failure)
Press: ? - help, Q - select action, (/) - cycle Shift-Dir - straight line, f/p - ribbon worm
Aim: a ribbon worm (heavily wounded, 90% to hit)
The sting hits the ribbon worm.
The ribbon worm is poisoned.
The ribbon worm is severely wounded.
Unknown command.
You struggle to detach yourself from the web.
The ribbon worm bites you.
* * * LOW HITPOINT WARNING * * *
The ribbon worm expels a string of sticky webbing.
The stream of webbing hits you but does no damage.
You are even more entangled.
Your magical contamination has completely faded away.
You struggle to detach yourself from the web.
The ribbon worm bites you.
* * * LOW HITPOINT WARNING * * *
The ribbon worm bites you.
You die...

#. ## ... ..####
#### ...# ...# ...{
....# ##.###.####
..^..# ##.........#
....^.###.##.......#
......w#.###.......#
...^.ww@.# #.......#
.....l##.#
#.......### >^^..^
##.##.........(
...., #.........###
... #####...#.## #.
#####......# #
#............
...####.###†##...##
...........<# #.##


You could see 3 ribbon worms and a frilled lizard.

Vanquished Creatures
  A dart slug (D:1)
  A ribbon worm (D:2)
  4 endoplasms
  A giant cockroach (D:2)
  A goblin (D:1)
  3 hobgoblins (D:1)
  A kobold (D:1)
  A quokka (D:1)
  3 ball pythons (D:1)
  2 bats (D:1)
  2 frilled lizards (D:1)
  4 rats (D:1)
24 creatures vanquished.

Notes
Turn   | Place    | Note
-------+----------+-------------------------------------------
     0 | D:1      | Bnni the Formicid Alchemist began the quest for the Orb.
     0 | D:1      | Reached XP level 1. HP: 13/13 MP: 3/3
   111 | D:1      | Reached XP level 2. HP: 20/20 MP: 3/5
   204 | D:1      | Learned a level 2 spell: Mercury Vapours
   596 | D:1      | Reached skill level 1 in Fighting
   834 | D:1      | Reached XP level 3. HP: 26/26 MP: 3/6
  1171 | D:2      | Slain by a ribbon worm

Illustrated notes

Levels and vault maps discovered:
D:1:      erik_arrival_cave_to_civilisation [erik_arrival_cave_to_hall],
          layout_basic, hex_medium, columned_hall_lemuel
D:2:      layout_loops_ring, serial_shops, nicolae_shop_tiny_statue_garden,
          minmay_misc_feat_iff, nicolae_wormholes

Skill      XL: |  1  2 |
---------------+-------+-----
Fighting       | 1 |  1.2
Dodging        | |  1.7
Stealth        | |  2.4
Spellcasting   | |  2.6
Conjurations   | |  0.8
Alchemy        | |  4.9

Action                     || total
---------------------------++-------
  Melee: Unarmed           ||    25
         Dagger            ||    11
   Cast: Sting             ||    38
 Armour: Robe              ||    20
  Dodge: Dodged            ||    30

Table legend: (Time is in decaauts)
 A = Elapsed time spent in this place.
 B = Non-inter-level travel time spent in this place.
 C = Inter-level travel time spent in this place.
 D = Time resting spent in this place.
 E = Time spent auto-exploring this place.
 F = Levels seen in this place.
 G = Mean time per level.
                   A        B        C        D        E       F      G
               +--------+--------+--------+--------+--------+-----+--------+
         Total |   1170 |   1130 |     40 |     55 |    904 |   2 |  585.0 |
       Dungeon |   1170 |   1130 |     40 |     55 |    904 |   2 |  585.0 |
               +--------+--------+--------+--------+--------+-----+--------+

Top non-repeatable levels by time:
     D:1: 1047 daAuts
     D:2: 122 daAuts
